 Dungeon Crawl Stone Soup version 0.31-a0-574-g69dc8cc98e (webtiles) character file.

Game seed: 16359082917626483962

56 RepHenryClay the Conjurer (level 3, -4/21 HPs)
             Began as an Octopode Conjurer on Aug 19, 2023.
             Slain by Sigmund
             ... wielding a +0 scythe
              (7 damage)
             ... on level 2 of the Dungeon.
             The game lasted 00:02:17 (1453 turns).

RepHenryClay the Conjurer (Octopode Conjurer)       Turns: 1453, Time: 00:02:17

Health: -4/21      AC:  1    Str:  6    XL:     3   Next: 95%
Magic:  1/6        EV: 13    Int: 22    God:
Gold:   93         SH:  0    Dex: 10    Spells: 5/6 levels left

rFire   . . .        a - +0 dagger (elec)
rCold   . . .        (no shield)
rNeg    . . .        (helmet restricted)
rPois   .            (no amulet)
rElec   .            (no ring)
rCorr   .            (no ring)
SInv    .            (no ring)
Will    .....        (no ring)
Stlth   ++           (no ring)
HPRegen 0.00/turn    (no ring)
MPRegen 0.10/turn    (no ring)
                     (no ring)

%: no passive effects
@: confused, inhibited regen, unable to drink
A: almost no armour, amphibious, 8 rings, camouflage 1, gelatinous body 1,
(nimble swimmer 1), tentacles, tentacle spike 1, inhibited regeneration,
inability to drink after injury 1
a: no special abilities


You were on level 2 of the Dungeon.
You visited 1 branch of the dungeon, and saw 2 of its levels.

You collected 93 gold pieces.

Inventory:

Hand Weapons
 a - a +0 dagger of electrocution (weapon)
Scrolls
 b - a scroll of enchant weapon {unknown}
 c - a scroll of teleportation
Potions
 e - a potion of magic


   Skills:
 - Level 2.0 Dodging
 - Level 2.6 Stealth
 - Level 2.0 Spellcasting
 + Level 5.4 Conjurations


You had 5 spell levels left.
You knew the following spells:

 Your Spells              Type           Power      Damage    Failure   Level
a - Magic Dart            Conj           100%       1d8       1%          1

Your spell library contained the following spells:

 Spells                   Type           Power      Damage    Failure   Level
 Searing Ray              Conj           52%        2d6       2%          2
 Dazzling Flash           Conj/Hex       28%        N/A       14%         3
 Summon Guardian Golem    Hex/Summ       2%         N/A       38%         3
 Fulminant Prism          Conj/Hex       7%         3d7       41%         4
 Iskenderun's Mystic Bla  Conj/Tloc      14%        2d5       41%         4
 Orb of Destruction       Conj           13%        9d7       100%        7
 Spellforged Servitor     Conj/Summ      7%         N/A       100%        7


Dungeon Overview and Level Annotations

Branches:
Dungeon (2/15)

Altars:
Gozag

Annotations:
D:2 Sigmund


Innate Abilities, Weirdness & Mutations

You cannot wear most types of armour.
You are amphibious.
You can wear up to eight rings at the same time.
Your skin changes colour to match your surroundings (Stealth+).
Your rubbery body absorbs attacks. (AC +1, EV +1)
((You are camouflaged when in or above water. (Stealth+)))
You have tentacles for arms and can constrict up to eight enemies at once.
One of your tentacles bears a spike.
You do not regenerate when monsters are visible.
You occasionally lose the ability to drink potions when taking damage.


Message History

Press: ? - help, Shift-Dir - straight line, f/p - Sigmund
Aim: Sigmund, wielding a +0 scythe and wearing a +0 robe (severely wounded, 100% to hit)
The magic dart hits Sigmund but does no damage.
Sigmund is severely wounded.
Casting: Magic Dart (safe; 1% risk of failure)
Confirm with . or Enter, or press ? or * to list all spells.
You don't have enough magic to cast this spell.
Casting: Magic Dart (safe; 1% risk of failure)
Confirm with . or Enter, or press ? or * to list all spells.
You don't have enough magic to cast this spell.
Sigmund closely misses you.
You hit Sigmund. You grab Sigmund. Your squeeze misses Sigmund.
Sigmund is almost dead.
You constrict Sigmund, but do no damage.
You hit Sigmund.
Sigmund is almost dead.
You constrict Sigmund, but do no damage.
Sigmund says, "Now you see me, now you don't..."
Sigmund casts a spell at you.
You are confused.
You hit Sigmund but do no damage.
Sigmund is almost dead.
You constrict Sigmund.
Sigmund mumbles some strange words.
Sigmund flickers and vanishes!
Deactivating autopickup; reactivate with Ctrl-A.
Unknown command.
You release your grip on something.
Something completely misses you. Something hits you!
Ouch! That really hurt!
* * * LOW HITPOINT WARNING * * *
Huge Dmg: -47%(-10hp) hp: 15%(3hp) It was a potion of mutation.
You feel extremely strange.
One of your lower tentacles grows a sharp spike.
You occasionally lose the ability to drink potions when taking damage.
Your regeneration stops near monsters.
A goblin comes into view. It is wielding a +0 club.
Something hits you!
You feel threatened and lose the ability to drink potions!
You die...

#.#..# ......g. # .. .......
#.#. ##. ...... .. ... #....
#.#. #.# #...# #.#.##.#
#...# #.#..#.# #...#
#.##.#.### #...# .........#
#{.@###### #.#......#
#........#
#.#..###.######...####.#
.....#..........######.#####
#(#..#.#.######.........<..#
#.#......## #.......##.###.#
..#.......# #.#####.##.# #.#
####.#.##.#
#.#####.##.###.#### #.#.##.#
#.##..............#


There were no monsters in sight!

Vanquished Creatures
  Robin (D:2)
  A dart slug (D:1)
  3 endoplasms (D:1)
  A giant cockroach (D:1)
  4 goblins
  7 hobgoblins
  2 jackals (D:1)
  A quokka (D:2)
  7 ball pythons
  5 bats
  3 frilled lizards
  2 kobolds (D:2)
  2 rats (D:1)
39 creatures vanquished.

Notes
Turn   | Place    | Note
-------+----------+-------------------------------------------
     0 | D:1      | RepHenryClay the Octopode Conjurer began the quest for the
                  | Orb.
     0 | D:1      | Reached XP level 1. HP: 11/11 MP: 3/3
   469 | D:1      | Reached XP level 2. HP: 10/17 MP: 0/5
   795 | D:1      | Reached XP level 3. HP: 21/21 MP: 2/6
  1015 | D:2      | Reached skill level 5 in Conjurations
  1155 | D:2      | Noticed Robin
  1161 | D:2      | Killed Robin
  1255 | D:2      | Found an opulent altar of Gozag.
  1439 | D:2      | Noticed Sigmund
  1452 | D:2      | Gained mutation: One of your tentacles bears a spike.
                  | [potion of mutation]
  1452 | D:2      | Gained mutation: You occasionally lose the ability to drink
                  | potions when taking damage. [potion of mutation]
  1452 | D:2      | Gained mutation: You do not regenerate when monsters are
                  | visible. [potion of mutation]
  1453 | D:2      | Slain by Sigmund

Illustrated notes

Levels and vault maps discovered:
D:1:      roderic_octagonal_star, layout_basic, grunt_decor_clamped, hex_tiny
D:2:      layout_loops_cross, basic_altar, uniq_sigmund, uniq_robin

Skill      XL: |  1  2  3 |
---------------+----------+-----
Conjurations   | 5 |  5.4
Dodging        | |  2.0
Stealth        | |  2.6
Spellcasting   | |  2.0

Action                     || total
---------------------------++-------
  Melee: Unarmed           ||    12
         Constrict         ||     6
         Tentacles         ||     5
         Dagger            ||     6
   Cast: Magic Dart        ||    58
    Use: Scroll            ||     2
         Potion            ||     1
 Armour: Skin              ||     3
  Dodge: Dodged            ||    11

Table legend: (Time is in decaauts)
 A = Elapsed time spent in this place.
 B = Non-inter-level travel time spent in this place.
 C = Inter-level travel time spent in this place.
 D = Time resting spent in this place.
 E = Time spent auto-exploring this place.
 F = Levels seen in this place.
 G = Mean time per level.
                   A        B        C        D        E       F      G
               +--------+--------+--------+--------+--------+-----+--------+
         Total |   1453 |   1426 |     27 |     94 |   1155 |   2 |  726.5 |
       Dungeon |   1453 |   1426 |     27 |     94 |   1155 |   2 |  726.5 |
               +--------+--------+--------+--------+--------+-----+--------+

Top non-repeatable levels by time:
     D:1: 1054 daAuts
     D:2: 398 daAuts
